[ AOE2 MATCH · #504795971 ]
UnrankedCelts vs Hindustanis
Player's team · WIN
[ REPLAY ANALYSIS · EXTRACTED FROM THE RECORDED GAME ]
Feudal
11:46
Castle
20:29
Imperial
33:46
| APM avg | 57.0 |
| APM peak | 95 |
| eAPM avg | 28.6 |
| Villagers / military | 234 / 195 |
Focus
⚔️ 35.5% · 🌾 64.5%
Woad Raider ×143 · Scorpion ×13 · Monk ×11 · Skirmisher ×8 · Militia ×5 · Archer ×4
Feudal
8:50
Castle
24:19
Imperial
38:53
| APM avg | 57.4 |
| APM peak | 91 |
| eAPM avg | 34.6 |
| Villagers / military | 246 / 257 |
Focus
⚔️ 33.5% · 🌾 66.5%
Hand Cannoneer ×137 · Ghulam ×59 · Bombard Cannon ×16 · Camel Scout ×13 · Archer ×11 · Skirmisher ×9
Match map
Initial resources + every placement click. Lines = walls · curves = elevation contours. ◆ gold · ⬟ stone · ● berries · ✦ relic · ◌ wall gap
Your base· ✓ Closed at 20:29 · 66t walls · 1 gate(s)
serbia_warriors's base· Open — opponent sealed themselves in
Smoothed initial terrain · ◌ = detected wall gap · hover for details
Inputs per minute
— Sir Poopsalot - - serbia_warriors
Build order — Sir Poopsalot
First 150 of 654 actions detected
| 0:00 | Queue | Villager (Male) ×4 |
| 0:02 | Build | House |
| 0:02 | Build | House |
| 1:22 | Queue | Villager (Male) |
| 2:05 | Queue | Villager (Male) |
| 2:10 | Build | Lumber Camp |
| 2:26 | Queue | Villager (Male) |
| 2:50 | Queue | Villager (Male) |
| 3:14 | Queue | Villager (Male) |
| 3:35 | Queue | Villager (Male) |
| 3:50 | Build | House |
| 4:02 | Queue | Villager (Male) |
| 4:22 | Build | Barracks |
| 4:26 | Queue | Villager (Male) |
| 4:38 | Queue | Villager (Male) |
| 4:54 | Queue | Villager (Male) |
| 4:57 | Build | House |
| 5:10 | Build | House |
| 5:21 | Queue | Militia |
| 5:21 | Queue | Militia |
| 5:41 | Queue | Villager (Male) |
| 5:45 | Queue | Militia |
| 5:57 | Build | Mining Camp |
| 6:09 | Queue | Villager (Male) |
| 6:15 | Queue | Militia |
| 6:27 | Queue | Villager (Male) |
| 6:49 | Queue | Villager (Male) |
| 6:55 | Queue | Militia |
| 7:14 | Build | Mill |
| 7:21 | Queue | Villager (Male) |
| 7:28 | Build | House |
| 7:29 | Build | Palisade Wall |
| 7:46 | Queue | Villager (Male) |
| 8:04 | Research | Loom |
| 8:15 | Build | Farm |
| 8:18 | Queue | Villager (Male) |
| 8:29 | Build | Palisade Wall |
| 8:31 | Build | Palisade Wall |
| 8:37 | Build | House |
| 8:38 | Build | Palisade Wall |
| 9:05 | Queue | Villager (Male) |
| 9:15 | Build | House |
| 9:16 | Build | Palisade Wall |
| 9:22 | Build | Farm |
| 9:34 | Research | Feudal Age |
| 10:03 | Build | Farm |
| 10:04 | Build | Farm |
| 10:17 | Build | Palisade Wall |
| 10:49 | Build | Farm |
| 11:00 | Build | Farm |
| 11:02 | Build | Palisade Wall |
| 11:17 | Queue | Villager (Male) |
| 11:27 | Build | Farm |
| 11:39 | Build | Palisade Wall |
| 11:46 | Age | Feudal Age |
| 11:48 | Research | Man-at-Arms (upgrade) |
| 11:53 | Build | Archery Range |
| 12:02 | Build | House |
| 12:03 | Build | Palisade Wall |
| 12:07 | Research | Double-Bit Axe |
| 12:10 | Queue | Villager (Male) |
| 12:33 | Queue | Skirmisher |
| 12:39 | Queue | Villager (Male) |
| 12:48 | Research | Horse Collar |
| 12:50 | Build | Farm |
| 12:53 | Queue | Villager (Male) |
| 13:01 | Queue | Skirmisher |
| 13:08 | Queue | Skirmisher |
| 13:18 | Build | Farm |
| 13:19 | Queue | Villager (Male) |
| 13:35 | Queue | Skirmisher |
| 13:37 | Build | House |
| 13:46 | Queue | Skirmisher |
| 13:48 | Build | Palisade Wall |
| 13:52 | Queue | Villager (Male) |
| 14:14 | Queue | Villager (Male) |
| 14:19 | Queue | Skirmisher |
| 14:20 | Queue | Villager (Male) |
| 14:24 | Build | Palisade Wall |
| 14:36 | Queue | Skirmisher |
| 14:40 | Build | Farm |
| 14:40 | Queue | Villager (Male) |
| 14:44 | Build | Farm |
| 14:45 | Build | Farm |
| 14:54 | Build | House |
| 14:56 | Build | Palisade Wall |
| 15:03 | Queue | Spearman |
| 15:09 | Queue | Villager (Male) |
| 15:19 | Queue | Villager (Male) |
| 15:32 | Build | Palisade Gate |
| 15:39 | Queue | Villager (Male) |
| 15:46 | Build | Blacksmith |
| 15:53 | Build | House |
| 15:54 | Build | House |
| 15:56 | Build | House |
| 15:57 | Build | House |
| 16:04 | Queue | Spearman |
| 16:19 | Queue | Skirmisher |
| 16:22 | Build | Farm |
| 16:42 | Queue | Villager (Male) |
| 16:50 | Build | Market |
| 17:06 | Research | Fletching |
| 17:12 | Queue | Spearman |
| 17:18 | Queue | Villager (Male) |
| 17:49 | Research | Castle Age |
| 17:51 | Build | Archery Range |
| 18:06 | Queue | Villager (Male) |
| 18:09 | Build | House |
| 18:17 | Queue | Archer |
| 18:18 | Queue | Archer |
| 18:31 | Build | House |
| 18:45 | Build | House |
| 18:48 | Queue | Archer |
| 19:05 | Build | House |
| 19:08 | Build | House |
| 19:16 | Queue | Archer |
| 19:25 | Build | Stable |
| 19:26 | Queue | Villager (Male) |
| 19:39 | Queue | Villager (Male) |
| 19:40 | Build | Lumber Camp |
| 20:17 | Queue | Villager (Male) |
| 20:29 | Age | Castle Age |
| 20:32 | Queue | Knight |
| 20:32 | Queue | Knight |
| 20:35 | Research | Bow Saw |
| 20:37 | Queue | Villager (Male) |
| 20:46 | Build | Town Center |
| 20:58 | Queue | Villager (Male) |
| 21:02 | Queue | Villager (Male) |
| 21:06 | Queue | Villager (Male) |
| 21:08 | Queue | Villager (Male) |
| 21:10 | Build | Monastery |
| 21:23 | Queue | Knight |
| 21:24 | Queue | Villager (Male) |
| 21:27 | Build | Town Center |
| 21:36 | Queue | Villager (Male) |
| 21:44 | Queue | Knight |
| 21:49 | Queue | Villager (Male) |
| 21:57 | Queue | Monk |
| 21:59 | Queue | Villager (Male) |
| 22:14 | Build | House |
| 22:24 | Queue | Villager (Male) |
| 22:24 | Queue | Villager (Male) |
| 22:32 | Build | Farm |
| 22:32 | Build | Farm |
| 22:32 | Build | Farm |
| 22:32 | Build | Farm |
| 22:32 | Build | Farm |
| 22:33 | Build | Farm |
| 22:39 | Queue | Villager (Male) |
Build order — serbia_warriors
First 150 of 717 actions detected
| 0:00 | Queue | Villager (Male) |
| 0:01 | Queue | Villager (Male) |
| 0:02 | Build | House |
| 0:02 | Build | House |
| 0:05 | Queue | Villager (Male) |
| 0:05 | Queue | Villager (Male) |
| 1:02 | Queue | Villager (Male) |
| 1:27 | Queue | Villager (Male) |
| 2:08 | Queue | Villager (Male) |
| 2:09 | Queue | Villager (Male) |
| 2:10 | Queue | Villager (Male) |
| 2:20 | Build | Lumber Camp |
| 3:01 | Queue | Villager (Male) |
| 3:38 | Build | House |
| 3:39 | Build | Palisade Wall |
| 3:41 | Queue | Villager (Male) |
| 3:42 | Queue | Villager (Male) |
| 3:42 | Queue | Villager (Male) |
| 3:56 | Build | House |
| 4:02 | Queue | Villager (Male) |
| 4:25 | Queue | Villager (Male) |
| 4:25 | Queue | Villager (Male) |
| 4:30 | Queue | Villager (Male) |
| 4:30 | Queue | Villager (Male) |
| 4:50 | Build | Mill |
| 4:53 | Queue | Villager (Male) |
| 5:35 | Research | Loom |
| 6:40 | Research | Feudal Age |
| 6:41 | Research | Feudal Age |
| 7:01 | Build | Mining Camp |
| 7:03 | Build | Palisade Wall |
| 7:27 | Build | Palisade Wall |
| 7:28 | Build | Palisade Wall |
| 7:28 | Build | Palisade Wall |
| 7:29 | Build | Palisade Wall |
| 7:42 | Build | Palisade Wall |
| 8:08 | Build | Barracks |
| 8:26 | Queue | Villager (Male) |
| 8:43 | Build | Palisade Wall |
| 8:45 | Build | Palisade Wall |
| 8:50 | Age | Feudal Age |
| 8:52 | Queue | Villager (Male) |
| 8:55 | Build | Archery Range |
| 9:13 | Build | House |
| 9:26 | Queue | Villager (Male) |
| 9:30 | Queue | Archer |
| 9:30 | Queue | Archer |
| 9:38 | Build | House |
| 9:54 | Build | House |
| 10:06 | Queue | Villager (Male) |
| 10:16 | Queue | Archer |
| 10:36 | Queue | Villager (Male) |
| 10:58 | Queue | Villager (Male) |
| 11:00 | Build | Blacksmith |
| 11:10 | Queue | Archer |
| 11:16 | Build | House |
| 11:22 | Queue | Villager (Male) |
| 11:37 | Research | Double-Bit Axe |
| 11:38 | Research | Double-Bit Axe |
| 11:40 | Queue | Archer |
| 11:48 | Research | Fletching |
| 11:48 | Research | Fletching |
| 12:04 | Queue | Archer |
| 12:04 | Queue | Villager (Male) |
| 12:17 | Queue | Villager (Male) |
| 12:19 | Build | House |
| 12:29 | Queue | Villager (Male) |
| 12:43 | Queue | Archer |
| 12:58 | Queue | Villager (Male) |
| 13:03 | Build | Farm |
| 13:04 | Build | Farm |
| 13:09 | Queue | Archer |
| 13:12 | Build | Farm |
| 13:31 | Queue | Villager (Male) |
| 13:32 | Queue | Skirmisher |
| 13:44 | Queue | Villager (Male) |
| 13:47 | Queue | Skirmisher |
| 14:08 | Queue | Villager (Male) |
| 14:19 | Build | Farm |
| 14:20 | Build | Farm |
| 14:21 | Build | Farm |
| 14:27 | Queue | Villager (Male) |
| 14:40 | Queue | Skirmisher |
| 14:44 | Queue | Villager (Male) |
| 14:52 | Build | Farm |
| 14:54 | Build | Farm |
| 15:30 | Build | Stable |
| 15:34 | Queue | Villager (Male) |
| 15:35 | Queue | Skirmisher |
| 15:43 | Build | House |
| 15:58 | Queue | Villager (Male) |
| 16:04 | Build | Lumber Camp |
| 16:13 | Queue | Scout Cavalry |
| 16:13 | Queue | Scout Cavalry |
| 16:24 | Build | House |
| 16:26 | Build | Palisade Wall |
| 16:28 | Queue | Villager (Male) |
| 16:48 | Research | Padded Archer Armor |
| 16:48 | Research | Padded Archer Armor |
| 16:50 | Queue | Skirmisher |
| 16:50 | Queue | Skirmisher |
| 16:51 | Queue | Villager (Male) |
| 17:02 | Queue | Villager (Male) |
| 17:08 | Build | Farm |
| 17:09 | Build | Farm |
| 17:20 | Queue | Scout Cavalry |
| 17:20 | Queue | Scout Cavalry |
| 17:21 | Queue | Skirmisher |
| 17:21 | Queue | Skirmisher |
| 17:30 | Queue | Villager (Male) |
| 17:33 | Build | Farm |
| 17:55 | Build | Farm |
| 17:55 | Build | Farm |
| 17:57 | Build | Farm |
| 18:02 | Queue | Villager (Male) |
| 18:08 | Queue | Scout Cavalry |
| 18:15 | Build | Farm |
| 18:17 | Build | Farm |
| 18:20 | Queue | Villager (Male) |
| 18:26 | Build | Palisade Wall |
| 18:30 | Build | Farm |
| 18:32 | Build | Farm |
| 18:38 | Queue | Villager (Male) |
| 18:45 | Queue | Archer |
| 18:45 | Queue | Archer |
| 18:48 | Build | Farm |
| 18:51 | Build | Palisade Wall |
| 18:53 | Build | Palisade Wall |
| 18:53 | Build | Palisade Wall |
| 19:00 | Queue | Villager (Male) |
| 19:09 | Build | Farm |
| 19:19 | Queue | Scout Cavalry |
| 19:23 | Build | House |
| 19:25 | Build | House |
| 19:34 | Queue | Archer |
| 19:40 | Research | Scale Barding Armor |
| 19:40 | Research | Scale Barding Armor |
| 19:42 | Queue | Villager (Male) |
| 19:45 | Queue | Skirmisher |
| 20:13 | Queue | Scout Cavalry |
| 20:14 | Queue | Villager (Male) |
| 20:26 | Build | Market |
| 20:31 | Build | Mining Camp |
| 20:31 | Queue | Villager (Male) |
| 21:39 | Research | Castle Age |
| 21:39 | Research | Castle Age |
| 21:59 | Research | Horse Collar |
| 21:59 | Research | Horse Collar |
| 22:01 | Research | Stone Mining |
| 22:02 | Research | Gold Mining |
Match timeline
| 3:39 | serbia_warriors · wall_segment Palisade Wall x1 |
| 4:22 | Sir Poopsalot · first_building Barracks |
| 7:03 | serbia_warriors · wall_segment Palisade Wall x1 |
| 7:27 | serbia_warriors · wall_segment Palisade Wall x1 |
| 7:28 | serbia_warriors · wall_segment Palisade Wall x1 |
| 7:28 | serbia_warriors · wall_segment Palisade Wall x1 |
| 7:29 | Sir Poopsalot · wall_segment Palisade Wall x4 |
| 7:29 | serbia_warriors · wall_segment Palisade Wall x1 |
| 7:42 | serbia_warriors · wall_segment Palisade Wall x1 |
| 8:08 | serbia_warriors · first_building Barracks |
| 8:29 | Sir Poopsalot · wall_segment Palisade Wall x1 |
| 8:31 | Sir Poopsalot · wall_segment Palisade Wall x3 |
| 8:38 | Sir Poopsalot · wall_segment Palisade Wall x6 |
| 8:43 | serbia_warriors · wall_segment Palisade Wall x1 |
| 8:45 | serbia_warriors · wall_segment Palisade Wall x1 |
| 8:50 | serbia_warriors · age_up feudal |
| 8:55 | serbia_warriors · first_building Archery Range |
| 9:16 | Sir Poopsalot · wall_segment Palisade Wall x9 |
| 10:17 | Sir Poopsalot · wall_segment Palisade Wall x13 |
| 11:02 | Sir Poopsalot · wall_segment Palisade Wall x7 |
| 11:39 | Sir Poopsalot · wall_segment Palisade Wall x4 |
| 11:46 | Sir Poopsalot · age_up feudal |
| 11:53 | Sir Poopsalot · first_building Archery Range |
| 12:03 | Sir Poopsalot · wall_segment Palisade Wall x10 |
| 13:48 | Sir Poopsalot · wall_segment Palisade Wall x7 |
| 14:24 | Sir Poopsalot · wall_segment Palisade Wall x6 |
| 14:56 | Sir Poopsalot · wall_segment Palisade Wall x1 |
| 15:30 | serbia_warriors · first_building Stable |
| 16:26 | serbia_warriors · wall_segment Palisade Wall x10 |
| 17:41 | Sir Poopsalot · first_market_buy 100 food |
| 18:26 | serbia_warriors · wall_segment Palisade Wall x1 |
| 18:51 | serbia_warriors · wall_segment Palisade Wall x1 |
| 18:53 | serbia_warriors · wall_segment Palisade Wall x1 |
| 18:53 | serbia_warriors · wall_segment Palisade Wall x1 |
| 19:25 | Sir Poopsalot · first_building Stable |
| 20:29 | Sir Poopsalot · age_up castle |
| 21:10 | Sir Poopsalot · first_building Monastery |
| 21:23 | Sir Poopsalot · first_market_sell 100 food |
| 21:38 | serbia_warriors · first_market_buy 100 food |
| 22:41 | serbia_warriors · wall_segment Palisade Wall x7 |
| 23:46 | serbia_warriors · wall_segment Palisade Wall x1 |
| 23:47 | serbia_warriors · wall_segment Palisade Wall x1 |
| 23:56 | serbia_warriors · wall_segment Palisade Wall x1 |
| 23:59 | serbia_warriors · wall_segment Palisade Wall x1 |
| 24:00 | serbia_warriors · wall_segment Palisade Wall x1 |
| 24:03 | serbia_warriors · wall_segment Palisade Wall x1 |
| 24:19 | serbia_warriors · age_up castle |
| 24:26 | serbia_warriors · first_building Monastery |
| 25:33 | serbia_warriors · first_building Castle |
| 26:35 | serbia_warriors · wall_segment Palisade Wall x1 |
| 28:45 | serbia_warriors · first_market_sell 100 stone |
| 29:25 | Sir Poopsalot · first_building Castle |
| 30:23 | serbia_warriors · first_building Siege Workshop |
| 33:46 | Sir Poopsalot · age_up imperial |
| 38:53 | serbia_warriors · age_up imperial |
| 44:47 | Sir Poopsalot · first_building Siege Workshop |
| 51:20 | serbia_warriors · resign |
[ AI ANALYSIS · 1 CREDIT ]
What really happened in this match?
Wolo.gg analyzes every decision: build order, eco, micro, common mistakes by bracket. Personalized analysis on WhatsApp or Discord in 30 seconds.
Civ guide
Celts
Perfil
Jugador #5764955